 Dungeon Crawl Stone Soup version 0.28-a0-851-g8b9cc49659 (webtiles) character file.

Game seed: 16387381654066889033

21 jasper the Gusty (level 2, 0/15 HPs)
             Began as a Tengu Air Elementalist on Nov 15, 2021.
             Slain by an adder (3 damage)
             ... on level 2 of the Dungeon.
             The game lasted 00:01:12 (686 turns).

jasper the Gusty (Tengu Air Elementalist)            Turns: 686, Time: 00:01:12

Health: 0/15       AC:  2    Str:  8    XL:     2   Next: 83%
Magic:  0/6        EV: 12    Int: 15    God:
Gold:   6          SH:  0    Dex: 14    Spells: 2/5 levels left

rFire   . . .      SeeInvis +   (no weapon)
rCold   . . .      Faith    .   (no shield)
rNeg    . . .      Spirit   .   a - +0 robe
rPois   .          Reflect  .   (helmet restricted)
rElec   .          Harm     .   (no cloak)
rCorr   .          Rampage  .   (no gloves)
Will    .....                   (boots unavailable)
Stlth   ++........              (no amulet)
HPRegen 0.05/turn               g - ring of see invisible
MPRegen 0.10/turn               (no ring)

@: attractive
A: beak, talons 3
a: no special abilities


You were on level 2 of the Dungeon.
You visited 1 branch of the dungeon, and saw 2 of its levels.

You collected 6 gold pieces.

Inventory:

Armour
 a - a +0 robe (worn)
Jewellery
 e - a ring of ice
 g - a ring of see invisible (left hand)
Scrolls
 d - a scroll of silence {unknown}
 f - a scroll of magic mapping {unknown}
 h - a scroll of noise {unknown}


   Skills:
 - Level 2.1 Dodging
 - Level 2.0 Stealth
 + Level 2.2 Spellcasting
 * Level 2.5 Conjurations
 * Level 4.5 Air Magic


You had 2 spell levels left.
You knew the following spells:

 Your Spells              Type           Power      Damage    Failure   Level
a - Shock                 Conj/Air       48%        1d6       4%          1
b - Static Discharge      Conj/Air       12%        N/A       8%          2

Your spell library contained the following spells:

 Spells                   Type           Power      Damage    Failure   Level
 Swiftness                Air            15%        N/A       10%         3
 Airstrike                Air            7%         N/A       32%         4


Dungeon Overview and Level Annotations

Branches:
Dungeon (1/15)

Altars:


Innate Abilities, Weirdness & Mutations

You have a beak for a mouth.
You have claws for feet.


Message History

The adder is moderately wounded.
You feel sick. The adder misses you.
You take 2 damage, and have 10/15 hp.
You now have 0/6 mp.
It was a potion of attraction.
You feel attractive to monsters.
You feel sick. The adder barely misses you. The adder bites you.
You are lethally poisoned!
The adder poisons you!
Your magical contamination has completely faded away.
The rat is attracted toward you.
You take 2 damage, and have 8/15 hp.
It was a potion of curing.
You feel better. The adder bites you.
You are poisoned.
The adder poisons you!
You regained 5 hp, and now have 13/15 hp.
You feel sick.
You take 2 damage, and have 11/15 hp.
You feel sick. The adder barely misses you.
You take 1 damage, and have 10/15 hp.
You feel sick.
You take 1 damage, and have 9/15 hp.
You feel sick.
You feel sick.
You take 2 damage, and have 7/15 hp.
Aiming: Shock (safe; 4% risk of failure)
Press: ? - help, Q - select action, (/) - cycle Shift-Dir - straight line, f - adder
Aim: an adder (moderately wounded, 48% to hit)
The zap hits the adder.
The adder is heavily wounded.
The zap hits the rat.
You kill the rat!
You feel sick. The adder closely misses you. The adder bites you.
* * * LOW HITPOINT WARNING * * *
You take 3 damage, and have 4/15 hp.
You now have 0/6 mp.
You closely miss the adder.
The adder is heavily wounded.
You feel sick.
You are no longer poisoned.
The adder bites you.
You die...

..#... §..#.# .....
..... #.#. .#.#
.#...###...####
........?......
#.#r# ..### ##...#
......#..#######..#
#....†..†S@......#
..###.##########.##
#. #


You could see an adder.

Vanquished Creatures
  A dart slug (D:1)
  2 endoplasms (D:1)
  2 giant cockroaches (D:1)
  A goblin (D:1)
  A hobgoblin (D:2)
  2 quokkas
  2 bats (D:1)
  7 rats
18 creatures vanquished.

Notes
Turn   | Place    | Note
-------+----------+-------------------------------------------
     0 | D:1      | jasper the Tengu Air Elementalist began the quest for the
                  | Orb.
     0 | D:1      | Reached XP level 1. HP: 10/10 MP: 4/4
   349 | D:1      | Reached XP level 2. HP: 15/15 MP: 3/6
   352 | D:1      | Learned a level 2 spell: Static Discharge
   626 | D:1      | You fall into a shaft and drop 1 floor!
   686 | D:2      | Slain by an adder

Illustrated notes

Levels and vault maps discovered:
D:1:      lemuel_arrival_river_passageway, layout_basic,
          ebering_ecumenical_altar_hall, chequers_mini_garden
D:2:      layout_loops_ring, fountainhead, minmay_fractal_squares_5

Skill      XL: |  1 |
---------------+----+-----
Conjurations   | 2 |  2.5
Dodging        | |  2.1
Stealth        | |  2.0
Spellcasting   | |  2.2
Air Magic      | |  4.5

Action                   || total
-------------------------++-------
Melee: Unarmed           ||     3
       Kick              ||     1
 Cast: Shock             ||    36
  Use: Potion            ||     2
Dodge: Dodged            ||     5

Table legend: (Time is in decaauts)
 A = Elapsed time spent in this place.
 B = Non-inter-level travel time spent in this place.
 C = Inter-level travel time spent in this place.
 D = Time resting spent in this place.
 E = Time spent auto-exploring this place.
 F = Levels seen in this place.
 G = Mean time per level.
                   A        B        C        D        E       F      G
               +--------+--------+--------+--------+--------+-----+--------+
         Total |    690 |    690 |      0 |     85 |    518 |   2 |  345.0 |
       Dungeon |    690 |    690 |      0 |     85 |    518 |   2 |  345.0 |
               +--------+--------+--------+--------+--------+-----+--------+

Top non-repeatable levels by time:
     D:1: 630 daAuts
     D:2: 59 daAuts
